 Dungeon Crawl Stone Soup version 0.26.1-2-gb8aa6d0cf2 (webtiles) character file.

Game seed: 14898227793680820165

58 DasRunzen the Slasher (level 3, -2/29 HPs)
             Began as a Demigod Gladiator on Feb 12, 2021.
             Slain by a gnoll
             ... wielding a +0 spear of freezing
              (6 damage)
             ... on level 2 of the Dungeon.
             The game lasted 00:01:44 (1172 turns).

DasRunzen the Slasher (Demigod Gladiator)           Turns: 1172, Time: 00:01:45

Health: -2/29      AC:  5    Str: 17    XL:     3   Next: 52%
Magic:  6/6        EV: 12    Int: 14    God:
Gold:   48         SH:  4    Dex: 17    Spells: 4/4 levels left

rFire    . . .     SeeInvis .   a - +0 long sword
rCold    . . .     Faith    .   i - +0 buckler
rNeg     . . .     Spirit   .   b - +0 leather armour
rPois    .         Reflect  .   c - +0 helmet
rElec    .         Harm     .   (no cloak)
rCorr    .         Rampage  .   (no gloves)
Will     .....                  g - +0 pair of boots
Stlth    +.........             (no amulet)
HPRegen  0.09/turn              (no ring)
MPRegen  0.10/turn              (no ring)

@: lethally poisoned (-2 -> -4)
A: high mp 1
a: no special abilities


You were on level 2 of the Dungeon.
You visited 1 branch of the dungeon, and saw 2 of its levels.

You collected 48 gold pieces.

Inventory:

Hand Weapons
 a - a +0 long sword (weapon)
Missiles
 d - 3 throwing nets (quivered)
Armour
 b - a +0 leather armour (worn)
 c - a +0 helmet (worn)
 g - a +0 pair of boots (worn)
 i - a +0 buckler (worn)
Scrolls
 e - 2 scrolls of teleportation


   Skills:
 + Level 2.2 Fighting
 + Level 3.0 Long Blades
 - Level 1.7 Throwing
 + Level 1.1 Armour
 + Level 3.0 Dodging
 + Level 0.3 Shields
 + Level 1.0 Spellcasting


You had 4 spell levels left.
You didn't know any spells.
Your spell library was empty.

Dungeon Overview and Level Annotations

Branches:
Dungeon (2/15)


Innate Abilities, Weirdness & Mutations

You have an increased reservoir of magic. (+10% MP)


Message History

* * * LOW HITPOINT WARNING * * *
The gnoll freezes you.
* * * LOW HITPOINT WARNING * * *
The adder bites you.
* * * LOW HITPOINT WARNING * * *
You are poisoned.
The adder poisons you!
You feel sick.
You feel sick. The adder bites you but does no damage.
You closely miss the adder. The adder barely misses you. x2
The gnoll barely misses you.
You hit the adder.
The adder is moderately wounded.
You feel sick. The adder closely misses you. The gnoll barely misses you.
You block the adder's attack.
You closely miss the adder.
The adder is moderately wounded.
You block the adder's attack.
The gnoll hits you from afar with a +0 spear of freezing.
You die...

####+####≈...S(
≈≈§≈.§≈≈≈≈...#.
#.#..#####...#. §###
#.#..#####.....
#§#.#
#.#..##........
#.#.#
#.#..##.#######
#§#.# #.....).#
###...######..####.#
#.....(..@Sgg.# #.#
######.###(#######.#
#.#
#..†....##.#######.#
#.#
#<#####.##......##.#
#.# #.#
.#######.##.. ...
#.# .# #.# ### #.#
.# .# #.# .# .# #..
.#


You could see 2 gnolls and an adder.

Vanquished Creatures
  2 gnolls (D:2)
  An ooze (D:1)
  2 worms (D:2)
  3 leopard geckos
  2 bats (D:1)
  A giant cockroach (D:1)
  2 goblins (D:1)
  4 hobgoblins (D:1)
  3 jackals (D:1)
  A kobold (D:1)
  A frilled lizard (D:1)
  4 rats
26 creatures vanquished.

Notes
Turn   | Place    | Note
-------+----------+-------------------------------------------
     0 | D:1      | DasRunzen the Demigod Gladiator began the quest for the
                  | Orb.
     0 | D:1      | Reached XP level 1. HP: 17/17 MP: 3/3
   303 | D:1      | Reached XP level 2. HP: 21/24 MP: 4/4
  1085 | D:2      | Reached skill level 1 in Armour
  1085 | D:2      | Reached XP level 3. HP: 29/29 MP: 6/6
  1161 | D:2      | Reached skill level 1 in Spellcasting
  1172 | D:2      | Slain by a gnoll

Illustrated notes

Levels and vault maps discovered:
D:1:      roderic_dead_forest, layout_loops_ring
D:2:      layout_loops_ring, lemuel_crystal_altar, nzn_hepliaklqana_mist_gate,
          lightli_temple_of_fire, minmay_liquid_box, uniq_robin

Skill      XL: |  1  2  3 |
---------------+----------+-----
Fighting       | 2 |  2.2
Long Blades    | 3 |  3.0
Armour         | 1 |  1.1
Dodging        | 3 |  3.0
Spellcasting   | 1 |  1.0
Throwing       | |  1.7
Shields        | |  0.3

Action                   || total
-------------------------++-------
Melee: Long sword        ||    69
  Use: Scroll            ||     4
 Stab: Sleeping          ||     2
Armor: Leather armour    ||    12
Dodge: Dodged            ||    46
Block: Buckler           ||     3
       Rpst.: Long sword ||    13
